 Dungeon Crawl Stone Soup version 0.31-a0-222-gefeffbb62a (webtiles) character file.

Game seed: 8177378602661711888

39 qw the Shooter (level 3, -2/21 HPs)
             Began as a Gargoyle Hexslinger on July 5, 2023.
             Slain by Terence
             ... wielding a +0 mace
              (4 damage)
             ... on level 1 of the Dungeon.
             The game lasted 00:00:25 (925 turns).

qw the Shooter (Gargoyle Hexslinger)                 Turns: 925, Time: 00:00:25

Health: -2/21      AC:  6    Str: 11    XL:     3   Next: 45%
Magic:  4/4        EV: 11    Int: 13    God:
Gold:   46         SH:  0    Dex: 14    Spells: 3/4 levels left

rFire   . . .        Y - +1 sling
rCold   . . .        (no shield)
rNeg    + + .        i - +0 leather armour
rPois   inf          (no helmet)
rElec   +            (no cloak)
rCorr   .            (no gloves)
SInv    .            (no boots)
Will    +....        (no amulet)
Stlth   +            j - ring of willpower
HPRegen 0.23/turn    m - ring of positive energy
MPRegen 0.09/turn

%: no passive effects
@: no status effects
A: sickness immunity, AC +3, negative energy resistance 1, electricity
resistance, torment resistance 1, petrification resistance
a: no special abilities


You were on level 1 of the Dungeon.
You visited 1 branch of the dungeon, and saw 2 of its levels.

You collected 46 gold pieces.


Innate Abilities, Weirdness & Mutations

You are immune to sickness and miasma.
Your stone body is resilient. (AC +3)
You are immune to poison.
You resist negative energy. (rN+)
You are resistant to electric shocks. (rElec)
You are resistant to unholy torment.
You are immune to petrification.


   Skills:
 - Level 2.0 Fighting
 + Level 3.4 Ranged Weapons
 - Level 1.5 Dodging
 - Level 1.0 Spellcasting
 - Level 2.6 Hexes


You had 3 spell levels left.
You knew the following spells:

 Your Spells              Type           Power      Damage    Failure   Level
a - Slow                  Hex            28%        N/A       12%         1

Your spell library contained the following spells:

 Spells                   Type           Power      Damage    Failure   Level
 Inner Flame              Hex/Fire       4%         N/A       54%         3
 Portal Projectile        Hex/Tloc       8%         N/A       54%         3
 Cause Fear               Hex            3%         N/A       77%         4

Inventory:

Hand Weapons
 Y - a +1 sling (weapon)
Armour
 i - a +0 leather armour (worn)
Jewellery
 j - a ring of willpower (left hand)
 m - a ring of positive energy (right hand)
Potions
 e - a potion of heal wounds {unknown}
 g - a potion of might {unknown}
 k - a potion of curing {unknown}

Dungeon Overview and Level Annotations

Branches:
Dungeon (2/15)

Altars:

Annotations:
D:1 Terence


Message History

You shoot a sling bullet.
The sling bullet hits Terence but does no damage.
Terence is moderately wounded.
You shoot a sling bullet. The sling bullet hits Terence.
Terence is severely wounded.
You shoot a sling bullet.
The sling bullet hits Terence but does no damage.
Terence is severely wounded.
Terence hits you with a +0 mace.
916 ||| STAIRDANCE Terence hits you with a +0 mace.
You climb upwards.
There is a stone staircase leading down here.
You shoot a sling bullet. The sling bullet barely misses Terence.
Terence hits you with a +0 mace.
You shoot a sling bullet. The sling bullet hits Terence.
Terence is almost dead.
Terence hits you with a +0 mace. Terence hits you but does no damage.
You shoot a sling bullet. The sling bullet barely misses Terence.
Terence misses you.
You shoot a sling bullet.
The sling bullet hits Terence but does no damage.
Terence is almost dead.
Terence closely misses you.
You shoot a sling bullet.
The sling bullet hits Terence but does no damage.
Terence is almost dead.
Terence hits you with a +0 mace. x2
You shoot a sling bullet.
The sling bullet closely misses Terence.
Terence barely misses you.
You shoot a sling bullet.
The sling bullet hits Terence but does no damage.
Terence is almost dead.
Terence closely misses you.
You shoot a sling bullet.
The sling bullet hits Terence but does no damage.
Terence is almost dead.
Terence hits you with a +0 mace.
You die...

#...####'###.## #...#>.....#.##
#...#.<........ #####......#.##
########### #......#.##
##.#.#.#.#.## #..........
#######...........# #####..#...
%......#.#.#.#.#.##########..#.##
#####..........@@.#¤¤¤¤¤.........
##.#.#.#.#.#.##¤#######......
#............#.# #.#...#
###.#.#.#.#.##.##### #.##.##
#......)....).....# #......
##.#.#.#.#)##.###.# ####.##
#...........#.###.# ##'##
###.#.#.#.#.##...#.# ##...# #
#...........(#.#.#.# ##..>..


You could see Terence.

Vanquished Creatures
  2 dart slugs (D:1)
  A bat (D:1)
  2 endoplasms (D:1)
  3 giant cockroaches (D:1)
  5 goblins (D:1)
  5 hobgoblins (D:1)
  4 kobolds (D:1)
  2 quokkas (D:1)
  2 ball pythons (D:1)
  2 frilled lizards (D:1)
  A rat (D:1)
29 creatures vanquished.

Notes
Turn   | Place    | Note
-------+----------+-------------------------------------------
     0 | D:1      | qw the Gargoyle Hexslinger began the quest for the Orb.
     0 | D:1      | Reached XP level 1. HP: 12/12 MP: 2/2
     0 | D:1      | 0 ||| qw: Version: 0.3-a-46-gb1f654a
     0 | D:1      | 0 ||| qw: Game counter: 1050
     0 | D:1      | 0 ||| qw: Melee chars always use a shield: true
     0 | D:1      | 0 ||| qw: God list: Okawaru
     0 | D:1      | 0 ||| qw: Allow faded altars: false
     0 | D:1      | 0 ||| qw: Do Orc after clearing Dungeon:15 true
     0 | D:1      | 0 ||| qw: Do second Lair branch before Depths: true
     0 | D:1      | 0 ||| qw: Lair rune preference: random
     0 | D:1      | 0 ||| qw: Goals: Normal
     0 | D:1      | 0 ||| PLANNING D:1-11
   112 | D:1      | Reached XP level 2. HP: 16/16 MP: 3/3
   222 | D:1      | Reached skill level 3 in Ranged Weapons
   500 | D:1      | Reached XP level 3. HP: 21/21 MP: 4/4
   877 | D:1      | 877 ||| UPGRADING to +0 leather armour.
   887 | D:1      | 887 ||| DROPPING +0 robe.
   888 | D:1      | 888 ||| UPGRADING to ring of willpower.
   889 | D:1      | 889 ||| UPGRADING to ring of positive energy.
   890 | D:1      | 890 ||| READING scroll labelled LIUSUN DUFEL.
   893 | D:1      | 893 ||| READING scroll labelled FAEFIP QUSTYI.
   894 | D:1      | 894 ||| READING scroll labelled TAONNA RODYIGG.
   895 | D:1      | 895 ||| READING 2 scrolls labelled TOATON EXKAPNINK.
   896 | D:1      | 896 ||| READING scroll labelled ZOYSUX BYAMI.
   897 | D:1      | 897 ||| DROPPING scroll of poison.
   898 | D:1      | 898 ||| DROPPING scroll of amnesia.
   910 | D:2      | Noticed Terence
   916 | D:2      | 916 ||| STAIRDANCE
   922 | D:1      | HP: 3/21 [Terence/+0 mace (6)]
   925 | D:1      | Slain by Terence

Levels and vault maps discovered:
D:1:      dpeg_arrival_connections, layout_loops_corners, st_stairs_11
D:2:      layout_loops_ring, shapermc_ecumenical_altar_notcrosses, basic_altar,
          serial_bayou_ford_a, uniq_terence

Skill      XL: |  1  2 |
---------------+-------+-----
Ranged Weapons | 3 |  3.4
Fighting       | 2 |  2.0
Dodging        | |  1.5
Spellcasting   | |  1.0
Hexes          | |  2.6

Action                     || total
---------------------------++-------
   Fire: Sling             ||   103
    Use: Scroll            ||     5
 Armour: Robe              ||     8
         Leather armour    ||     1
  Dodge: Dodged            ||    29

Table legend:
 A = Non-vault XP
 B = Vault XP
 C = Vault XP percentage of total XP
 D = Non-vault monster count
 E = Vault monster count
 F = Vault count percentage of total count
                 A         B        C        D         E       F
            +---------+---------+-------+---------+---------+-------
      Total |      47 |       9 |  16.1 |      24 |       5 |  17.2
            +---------+---------+-------+---------+---------+-------
        D:1 |      47 |       9 |  16.1 |      24 |       5 |  17.2
            +---------+---------+-------+---------+---------+-------
